 Dungeon Crawl Stone Soup version 0.19.1-1-g22dce08 (webtiles) character file.

119 nikopol the Skirmisher (level 5, -4/49 HPs)
             Began as a Gargoyle Berserker on Jan 16, 2017.
             Was a Believer of Trog.
             Killed from afar by an orc wizard (7 damage)
             ... with a magic dart
             ... on level 3 of the Dungeon.
             The game lasted 00:04:14 (1747 turns).

nikopol the Skirmisher (Gargoyle Berserker)         Turns: 1747, Time: 00:04:15

Health: -4/49      AC: 13    Str: 26    XL:     5   Next: 3%
Magic:  5/5        EV:  9    Int:  7    God:    Trog [**....]
Gold:   164        SH:  0    Dex: 10    Spells: 0 memorised, 4 levels left

rFire  . . .     SeeInvis .     a - +0 hand axe
rCold  . . .     Gourm    .     n - +0 chain mail
rNeg   + . .     Faith    .     (no shield)
rPois  ∞         Spirit   .     (no helmet)
rElec  +         Reflect  .     (no cloak)
rCorr  .         Harm     .     (no gloves)
MR     .....                    (no boots)
Stlth  ..........               (no amulet)
                                (no ring)
                                (no ring)

@: berserking, slowed
A: negative energy resistance 1, electricity resistance, unbreathing,
petrification resistance, rot immunity, AC +4
a: Berserk, Trog's Hand, Burn Spellbooks, Renounce Religion


You were on level 3 of the Dungeon.
You worshipped Trog.
Trog was pleased with you.
You were near starving.

You visited 1 branch of the dungeon, and saw 3 of its levels.

You collected 164 gold pieces.

Inventory:

Hand Weapons
 a - a +0 hand axe (weapon)
Missiles
 d - 62 arrows
Armour
 b - a +0 animal skin
 n - a +0 chain mail (worn)
Jewellery
 i - an uncursed ring of poison resistance {unknown}
 m - a +3 ring of dexterity {unknown}
Wands
 o - a wand of polymorph (13/24)
Scrolls
 g - 2 scrolls of enchant armour {unknown}
 h - 5 scrolls of identify {unknown}
 j - 2 scrolls of remove curse {unknown}
 p - a scroll of amnesia {unknown}
Potions
 e - a potion of mutation {unknown}
 k - a potion of agility {unknown}
 l - a potion of might {unknown}
Comestibles
 c - 2 bread rations
 f - 2 meat rations
 r - a royal jelly


   Skills:
 + Level 4.1 Fighting
 + Level 3.3 Axes
 + Level 3.2 Armour
 + Level 2.5 Dodging


You had 4 spell levels left.
You didn't know any spells.

Dungeon Overview and Level Annotations

Branches:
Dungeon (3/15)

Altars:
Xom
The Shining One


Innate Abilities, Weirdness & Mutations

You are resistant to torment.
Your stone body is resilient. (AC +4)
You are immune to poison.
You resist negative energy. (rN+)
You are resistant to electric shocks. (rElec)
You can survive without breathing.
You are immune to petrification.
You are immune to rotting.


Message History

You are too injured to fight recklessly!
You are too injured to fight recklessly!
You are too injured to fight recklessly!
You are too injured to fight recklessly!
You slash the orc wizard!
The orc wizard is heavily wounded.
You slash the orc priest!
The orc wizard points at you and mumbles some strange words.
You feel yourself slow down.
Your chain mail prevents you from hitting the orc wizard.
The orc wizard is heavily wounded.
You hit the orc priest.
You feel the power of Trog in you as your rage grows.
You kill the orc priest!
Trog accepts your kill.
Your Fighting skill increases to level 4!
You have reached level 5!
The orc wizard casts a spell at you. The magic dart hits you!
You die...

####### ####
#.....#
.....##.....#
######
......o)....#
#.....
#@....#
#.####
#.....# #.#
###.###
#.#### #.#
#.##.. #.#
#.##.# #.#
#.##.# #.#
#.##.# #.#
#..... #.#
####.#


You could see an orc wizard.

Vanquished Creatures
  An orc priest (D:3)
  3 adders (D:2)
  2 oozes
  A worm (D:3)
  2 dart slugs
  A leopard gecko (D:2)
  3 orcs (D:3)
  A ball python (D:3)
  10 bats
  2 giant cockroaches
  5 goblins
  3 hobgoblins
  2 jackals (D:2)
  3 frilled lizards
  2 kobolds (D:1)
  7 rats
48 creatures vanquished.

Notes
Turn   | Place    | Note
-------+----------+-------------------------------------------
     0 | D:1      | nikopol the Gargoyle Berserker began the quest for the Orb.
     0 | D:1      | Reached XP level 1. HP: 14/14 MP: 1/1
    58 | D:1      | Reached XP level 2. HP: 19/19 MP: 2/2
   666 | D:1      | Reached ** piety under Trog
   725 | D:1      | Reached XP level 3. HP: 23/23 MP: 3/3
   889 | D:2      | Found a glowing golden altar of the Shining One.
   889 | D:2      | Found a faded altar of an unknown god.
   894 | D:2      | Found a faded altar of an unknown god.
   896 | D:2      | Found a shimmering altar of Xom.
   898 | D:2      | Found a faded altar of an unknown god.
  1214 | D:2      | Reached XP level 4. HP: 22/29 MP: 4/4
  1747 | D:3      | Reached skill level 4 in Fighting
  1747 | D:3      | Reached XP level 5. HP: 3/33 MP: 5/5
  1747 | D:3      | Killed from afar by an orc wizard

Skill      XL: |  1  2  3  4 |
---------------+-------------+-----
Dodging        | 2 |  2.5
Axes           | 3 |  3.3
Armour         | 3 |  3.2
Fighting       | 4 |  4.1

Action                   |  1- 3 |  4- 6 || total
-------------------------+-------+-------++-------
Melee: Hand axe          |    85 |    56 ||   141
Invok: Berserk           |       |     1 ||     1
 Stab: Sleeping          |     1 |       ||     1
  Eat: Chunk             |     1 |     1 ||     2
Armor: Animal skin       |    28 |       ||    28
       Chain mail        |    12 |    31 ||    43
Dodge: Dodged            |    63 |    36 ||    99
